 Dungeon Crawl Stone Soup version 0.29-a0-221-gceb61267dd (webtiles) character file.

Game seed: 9433222401543285887

234421 drugrobin the Fencer (level 18, -25/160 HPs)
             Began as a Demigod Fighter on Feb 26, 2022.
             Annihilated by a radroach (60 damage)
             ... on level 4 of the Spider Nest on Feb 27, 2022.
             The game lasted 02:59:04 (53238 turns).

drugrobin the Fencer (Demigod Fighter)             Turns: 53238, Time: 02:59:04

Health: -25/160    AC: 24    Str: 21    XL:     18   Next: 20%
Magic:  0/31       EV: 22    Int: 20    God:
Gold:   2780       SH: 18    Dex: 29    Spells: 24/29 levels left

rFire   + . .      SeeInvis .   b - +2 scimitar (flame)
rCold   . . .      Faith    .   n - +2 kite shield {AC+3}
rNeg    . . .      Spirit   +   o - +2 troll leather armour {Snorg}
rPois   +          Reflect  .   l - +0 helmet
rElec   .          Harm     .   T - +1 cloak {Will+}
rCorr   .          Rampage  +   D - +3 pair of gloves "Becelab" {Rampage rPois rF+ Dex+2}
Will    ++...                   L - +0 pair of boots
Stlth   +.........              d - amulet of guardian spirit
HPRegen 1.16/turn               j - +4 ring of protection
MPRegen 0.22/turn               E - +6 ring of dexterity

@: contaminated, glowing, studying Staves
A: high MP 1, forlorn, divine attributes, dopey 1, subdued magic 1
}: 1/15 runes: barnacled
a: no special abilities


You were on level 4 of the Spider Nest.
You visited 5 branches of the dungeon, and saw 31 of its levels.
You also visited: Volcano.

You collected 3457 gold pieces.
You spent 677 gold pieces at shops.

Inventory:

Hand Weapons
 a - the +8 falchion of the Hungering Seeker {vorpal, Str+2 Stlth+}
   (You found it on level 4 of the Dungeon)

   It inflicts extra damage upon your enemies.
   Str:       It affects your strength (+2).
   Stlth:     It makes you more stealthy.
 b - a +2 scimitar of flaming (weapon)
 c - a +2 dagger of venom
Missiles
 s - 15 throwing nets
 w - 44 poisoned darts (quivered)
 J - 4 curare-tipped darts
Armour
 l - a +0 helmet (worn)
 n - a +2 kite shield of protection (worn)
 o - a +2 troll leather armour (worn) {Snorg}
 D - the +3 pair of gloves "Becelab" (worn) {Rampage rPois rF+ Dex+2}
   (You found it on level 7 of the Dungeon)

   Dex:       It affects your dexterity (+2).
   rF:        It protects you from fire.
   rPois:     It protects you from poison.
   Rampage:   It bestows one free step when moving towards enemies.
 L - a +0 pair of boots (worn)
 Q - a +2 buckler of cold resistance
 T - a +1 cloak of willpower (worn)
Jewellery
 d - an amulet of guardian spirit (around neck)
 j - a +4 ring of protection (left hand)
 E - a +6 ring of dexterity (right hand)
 O - a ring of protection from fire
 P - the ring "Lavieley" {Fly rC+ Will+}
   (You found it on level 11 of the Dungeon)

   [ring of flight]

   rC:        It protects you from cold.
   Fly:       It grants you flight.
   Will:      It increases your willpower.
 S - a ring of resist corrosion
 V - a ring of ice
 Z - a ring of protection from fire
Wands
 x - a wand of flame (23)
 y - a wand of charming (13)
 C - a wand of iceblast (28)
 I - a wand of polymorph (9)
 K - a wand of acid (27)
 R - a wand of digging (7)
 W - a wand of mindburst (22)
Scrolls
 e - a scroll of summoning
 h - 3 scrolls of identify
 i - 6 scrolls of fear
 q - 17 scrolls of teleportation
 r - 3 scrolls of fog
 A - 3 scrolls of blinking
 F - a scroll of enchant weapon
 N - a scroll of enchant armour
Potions
 f - 13 potions of curing
 g - 7 potions of heal wounds
 k - 3 potions of magic
 m - 5 potions of haste
 p - a potion of resistance
 t - 3 potions of invisibility
 v - 11 potions of attraction
 z - 4 potions of brilliance
 B - 9 potions of lignification
 H - a potion of ambrosia
 U - 6 potions of cancellation
 X - 5 potions of might
Miscellaneous
 u - a phantom mirror
 G - a lightning rod (4/4)
 M - a condenser vane (inert)


   Skills:
 + Level 14.1 Fighting
 - Level 18.0 Long Blades
 + Level 10.8 Armour
 + Level 10.4 Dodging
 - Level 15.0 Shields
 - Level 6.0 Spellcasting
 - Level 10.0 Evocations


You had 24 spell levels left.
You knew the following spells:

 Your Spells              Type           Power      Damage    Failure   Level
a - Wereblood             Tmut           4%         N/A       26%         2
b - Stone Arrow           Conj/Erth      8%         3d7       47%         3

Your spell library contained the following spells:

 Spells                   Type           Power      Damage    Failure   Level
 Foxfire                  Conj/Fire      16%        2x1d4     17%         1
 Sandblast                Erth           8%         2d5       17%         1
 Shock                    Conj/Air       16%        1d4       17%         1
 Slow                     Hex            16%        N/A       17%         1
 Corpse Rot               Necr/Air       8%         N/A       26%         2
 Ensorcelled Hibernation  Hex/Ice        8%         N/A       26%         2
 Passwall                 Tmut/Erth      3%         N/A       26%         2
 Poisonous Vapours        Pois/Air       8%         N/A       26%         2
 Sublimation of Blood     Necr           4%         N/A       26%         2
 Confusing Touch          Hex            4%         N/A       47%         3
 Conjure Flame            Conj/Fire      4%         6-21      47%         3
 Dazzling Flash           Conj/Hex       8%         N/A       47%         3
 Inner Flame              Hex/Fire       4%         N/A       47%         3
 Spider Form              Tmut/Pois      4%         N/A       47%         3
 Swiftness                Air            4%         N/A       47%         3
 Vampiric Draining        Necr           4%         2d6       47%         3
 Airstrike                Air            2%         N/A       88%         4
 Anguish                  Hex/Necr       2%         N/A       88%         4
 Animate Dead             Necr           2%         N/A       88%         4
 Dispel Undead            Necr           4%         3d7       88%         4
 Flame Wave               Conj/Fire      4%         2d5       88%         4
 Fulminant Prism          Conj/Hex       2%         3d6       88%         4
 Hailstorm                Conj/Ice       4%         3d4       88%         4
 Iskenderun's Mystic Bla  Conj/Tloc      4%         2d3       88%         4
 Leda's Liquefaction      Hex/Erth       2%         N/A       88%         4
 Petrify                  Tmut/Erth      4%         N/A       88%         4
 Borgnjor's Vile Clutch   Necr/Erth      2%         N/A       99%         5
 Fireball                 Conj/Fire      2%         3d4       99%         5
 Freezing Cloud           Conj/Ice/Air   2%         6-21      99%         5
 Irradiate                Conj/Tmut      2%         3d14      99%         5
 Iskenderun's Battlesphe  Conj           4%         2d6       99%         5
 Lee's Rapid Deconstruct  Erth           2%         3d5*      99%         5
 Summon Forest            Summ/Tloc      2%         N/A       99%         5
 Summon Mana Viper        Hex/Summ       4%         N/A       99%         5
 Yara's Violent Unravell  Hex/Tmut       2%         3d3       99%         5
 Conjure Ball Lightning   Conj/Air       2%         3x3d6     100%        6
 Death Channel            Necr           2%         N/A       100%        6
 Iron Shot                Conj/Erth      2%         9d2       100%        6
 Starburst                Conj/Fire      2%         6d3       100%        6
 Statue Form              Tmut/Erth      2%         N/A       100%        6
 Summon Cactus Giant      Summ           2%         N/A       100%        6
 Enfeeble                 Hex            2%         N/A       100%        7
 Orb of Destruction       Conj           2%         9d5       100%        7
 Summon Hydra             Summ           2%         N/A       100%        7
 Shatter                  Erth           2%         3d6*      100%        9


Dungeon Overview and Level Annotations

Branches:
Dungeon (15/15)            Temple (0/1) D:6            Lair (6/6) D:9
 Shoals (4/4) Lair:4       Spider (4/4) Lair:4        Slime (0/5) Lair:5
    Orc (2/2) D:12            Elf (0/3) Orc:2        Vaults (0/5) D:13
 Depths (0/4) D:15        Volcano (visited)

Shops:
D:14 [   Orc:1 [(:   Orc:2 **=?:[

Annotations:
D:14 Roxanne
Shoals:1 Mlioglotl


Innate Abilities, Weirdness & Mutations

You have an increased reservoir of magic. (+10% MP)
You shall have no god before yourself.
Your divine heritage dramatically boosts your attributes as you level up.
You are dopey. (Int -2)
Your spells are a little easier to cast, but a little less powerful.


Message History

Unknown command.
Unknown command.
You hit the radroach but do no damage.
The radroach is severely wounded.
Unknown command.
You hit the radroach. You burn the radroach.
The radroach is severely wounded.
The radroach is engulfed in blazing flames.
You block the radroach's attack. x2
Unknown command.
You hit the radroach but do no damage.
The radroach is severely wounded.
The radroach is engulfed in blazing flames.
The radroach erupts in a fountain of uncontrolled magic!
You are blasted with magical radiation!!!
* * * LOW HITPOINT WARNING * * *
Unknown command.
Unknown command.
Unknown command.
Unknown command.
Unknown command.
Unknown command.
Unknown command.
Unknown command.
Press: ? - help, v - describe, . - travel, g - get item
Here: a radroach (flame, severely wounded)
Items here: a jumping spider corpse; a steelbarb worm corpse.
The floor.
Okay, then.
You slash the radroach! You burn the radroach.
The radroach is almost dead.
The radroach is engulfed in blazing flames.
The radroach closely misses you. The radroach claws you.
* * * LOW HITPOINT WARNING * * *
Unknown command.
You feel much better.
The radroach is engulfed in blazing flames.
The radroach erupts in a fountain of uncontrolled magic!
You are blasted with magical radiation!!!
You die...

...^.^....#
###..#.#..# ....
###.B# #.. #...###
#.#...# .#...w##
##..###^..### ###.#.
#..^.##§## ..#?.
##..#..@B§### ##...
#....#.§§##^# ## ...#
#..#.###....# #.##..#
##....###..## .)..^##
##..##...#^..#
...s.s###....#..######
..##wyy##..###......#
y #..#.#...^.#.#...##
#.$###.##..###.#...


You could see a radroach.

Vanquished Creatures
  Nikola (Spider:1)
  Arachne (Spider:2)
  Jorgrun (D:15)
  A titan (Shoals:4)
  Frances (Spider:2)
  A kraken (Shoals:2)
  Ilsuiw (Shoals:2)
  3 emperor scorpions (Spider:1)
  The ghost of Hushuuso the Stormcaller, an adept SpAE of Vehumet (Shoals:3)
  An orc warlord (D:12)
  Aizul (Shoals:3)
  3 ghost moths
  2 broodmothers (Spider:3)
  The ghost of Piwky the Grappler, a journeyman TrMo (Lair:4)
  4 entropy weavers
  2 spark wasps
  16 merfolk impalers
  The ghost of testman the Ember, a journeyman DsVM of Dithmenos (D:11)
  Snorg (Lair:3)
  Josephine (D:14)
  3 merfolk javelineers
  6 boulder beetles
  12 hydras
  4 ogre magi (Orc:2)
  13 two-headed ogres
  A jorogumo (Spider:3)
  5 merfolk aquamancers (Shoals:4)
  4 merfolk avatars
  A catoblepas (Lair:6)
  3 radroaches (Spider:3)
  4 tengu warriors
  4 alligator snapping turtles
  2 satyrs (Shoals:2)
  9 centaur warriors
  A death scarab (Spider:1)
  12 death yaks
  2 orc high priests
  Amaemon (Lair:1)
  Nergalle (D:12)
  8 pharaoh ants
  Sonja (D:10)
  2 skeletal warriors (D:13)
  The ghost of pascalblue the Zephyrmancer, a novice TeAE (D:10)
  3 orb spiders
  11 sea snakes
  11 steelbarb worms
  A necromancer (D:15)
  5 bog bodies (Shoals:1)
  A glowing orange brain (D:13)
  A wizard (D:15)
  2 orc knights
  12 orc sorcerers
  9 harpies
  13 fauns
  18 wolf spiders
  19 ugly things
  2 salamanders (Volcano)
  14 manticores
  A moth of wrath (shapeshifter) (D:15)
  8 cyclopes
  7 elephants
  A moth of wrath (Spider:1)
  Maurice (D:9)
  A naga mage (D:15)
  7 water nymphs
  5 merfolk sirens
  4 black mambas
  A black mamba (shapeshifter) (D:13)
  Joseph (D:10)
  8 gargoyles
  4 torpor snails
  6 centaur skeletons
  An orange demon (Lair:1)
  17 cane toads
  Maggie (D:9)
  15 demonic crawlers
  5 kobold demonologists
  2 efreet
  9 komodo dragons
  The ghost of croobank the Ducker, a novice DjFE (D:3)
  5 rime drakes
  3 unseen horrors
  2 tengu conjurers
  2 yaktaurs (shapeshifter) (D:13)
  4 trolls
  4 polar bears
  37 blink frogs
  A wind drake (shapeshifter) (D:13)
  21 meliai
  42 merfolk
  6 wind drakes
  A hornet (Lair:6)
  13 slime creatures
  Prince Ribbit (D:9)
  21 dream sheep
  22 jumping spiders
  8 tarantellas
  8 snapping turtles
  7 air elementals
  A centaur simulacrum (D:15)
  20 water elementals
  A spriggan (Lair:1)
  5 wraiths (D:14)
  14 culicivoras
  A vampire (D:13)
  9 wyverns
  A ynoxinul (D:10)
  3 fire bats (Volcano)
  40 yaks
  2 basilisks
  Grum (Lair:1)
  A steam dragon (D:9)
  4 swamp worms (D:11)
  29 redbacks
  Menkaure (D:5)
  8 wargs
  3 acid dragons
  3 small abominations (D:13)
  16 water moccasins
  A floating eye (D:13)
  A hell hound (Volcano)
  A sky beast (D:3)
  22 orc warriors
  2 necrophages
  An ice beast (D:6)
  7 ogres
  3 black bears
  20 centaurs
  51 wolves
  11 kobold brigands
  13 bullfrogs
  A gnoll sergeant (D:9)
  3 scorpions
  6 killer bees
  9 electric eels (D:8)
  8 wights
  3 howler monkeys
  A bullfrog zombie (D:3)
  A jelly (D:6)
  2 centaur zombies
  4 gnoll shamans
  18 orc priests
  A hound (D:6)
  A bullfrog skeleton (D:3)
  Terence (D:3)
  2 iguanas (D:5)
  49 orc wizards
  14 gnolls
  6 adders
  2 shadow imps
  3 white imps
  4 worms
  4 dart slugs
  84 orcs
  3 ball pythons
  6 endoplasms
  4 giant cockroaches
  3 goblins
  8 hobgoblins
  13 jackals
  26 kobolds
  A quokka (D:2)
  3 bats
  A frilled lizard (D:1)
  6 rats
  5 briar patches (D:11)
  3 tentacles (Shoals:2)
1185 creatures vanquished.

Vanquished Creatures (collateral kills)
  Rupert (Lair:4)
  Erolcha (D:10)
  A two-headed ogre (D:5)
  A wolf spider (Spider:4)
  A wind drake (Shoals:3)
  A meliai (Spider:4)
  A tarantella (Spider:4)
  A jumping spider (Spider:2)
  A culicivora (Spider:3)
9 creatures vanquished.

Vanquished Creatures (others)
  A wolf spider (Spider:3)
  A centaur skeleton (D:15)
  A vampire (D:8)
  2 briar patches (D:11)
  25 fungi
  110 plants
  13 tentacles (Shoals:2)
153 creatures vanquished.

Grand Total: 1347 creatures vanquished

Notes
Turn   | Place    | Note
-------+----------+-------------------------------------------
     0 | D:1      | drugrobin the Demigod Fighter began the quest for the Orb.
     0 | D:1      | Reached XP level 1. HP: 18/18 MP: 3/3
    33 | D:1      | Reached skill level 2 in Long Blades
   298 | D:1      | Reached XP level 2. HP: 20/25 MP: 4/4
   463 | D:1      | Reached skill level 3 in Long Blades
   910 | D:1      | Reached XP level 3. HP: 24/30 MP: 5/5
  1683 | D:2      | You fall into a shaft and drop 1 floor!
  1685 | D:3      | Noticed Terence
  1704 | D:2      | Reached skill level 4 in Long Blades
  1850 | D:2      | Reached XP level 4. HP: 35/37 MP: 6/6
  2335 | D:3      | Noticed a sky beast
  2480 | D:3      | Found a transporter.
  2480 | D:3      | Noticed croobank's ghost (novice DjFE)
  2511 | D:3      | Found a transporter.
  2928 | D:3      | Killed a sky beast
  2929 | D:3      | Reached skill level 5 in Long Blades
  2929 | D:3      | Reached XP level 5. HP: 37/42 MP: 7/7
  3048 | D:3      | Killed Terence
  3209 | D:3      | Killed croobank's ghost
  3210 | D:3      | Reached skill level 7 in Long Blades
  3210 | D:3      | Reached XP level 6. HP: 29/50 MP: 8/8
  3790 | D:4      | Reached XP level 7. HP: 38/56 MP: 9/9
  4018 | D:4      | Identified the +8 falchion of the Hungering Seeker {vorpal,
                  | Str+2 Stlth+}
  4749 | D:5      | Entered Level 5 of the Dungeon
  4753 | D:5      | Noticed Menkaure
  4780 | D:5      | Killed Menkaure
  5800 | D:6      | Reached skill level 8 in Long Blades
  5800 | D:6      | Reached XP level 8. HP: 65/66 MP: 10/10
  6094 | D:6      | Noticed a two-headed ogre
  6163 | D:6      | HP: 2/67 [white imp/puff of frost (9)]
  6499 | D:5      | Killed a two-headed ogre
  6500 | D:5      | Reached skill level 5 in Fighting
  6500 | D:5      | Reached skill level 5 in Shields
  6761 | D:6      | Reached skill level 9 in Long Blades
  7421 | D:6      | Found a staircase to the Ecumenical Temple.
  7667 | D:7      | Reached XP level 9. HP: 69/75 MP: 11/11
  7938 | D:7      | Identified the +3 pair of gloves "Becelab" {Rampage rPois
                  | rF+ Dex+2}
  8139 | D:7      | Noticed a gargoyle
  8148 | D:7      | Killed a gargoyle
  8245 | D:7      | Noticed a gargoyle
  8251 | D:7      | Killed a gargoyle
  8371 | D:7      | Noticed a gargoyle
  8388 | D:7      | Killed a gargoyle
  8389 | D:7      | Reached skill level 10 in Long Blades
  8626 | D:7      | Noticed a gargoyle
  8633 | D:7      | Killed a gargoyle
  8730 | D:7      | Noticed a gargoyle
  8734 | D:7      | Killed a gargoyle
  8740 | D:7      | Noticed a gargoyle
  8744 | D:7      | Killed a gargoyle
  9077 | D:8      | Killed an unseen horror
  9078 | D:8      | Reached XP level 10. HP: 72/88 MP: 13/13
  9658 | D:8      | Reached skill level 11 in Long Blades
 10099 | D:8      | Noticed a cyclops
 10115 | D:8      | Killed a cyclops
 11331 | D:9      | Noticed Prince Ribbit
 11338 | D:9      | Killed Prince Ribbit
 11376 | D:9      | Noticed a two-headed ogre
 11409 | D:8      | Killed a two-headed ogre
 11649 | D:9      | Noticed Maggie
 11732 | D:9      | Killed Maggie
 11807 | D:9      | Found a staircase to the Lair.
 11808 | D:9      | Noticed a death yak
 11911 | D:9      | Noticed a death yak
 11911 | D:9      | Noticed a death yak
 11956 | D:8      | Killed a death yak
 11957 | D:8      | Reached skill level 12 in Long Blades
 12077 | D:9      | Noticed a two-headed ogre
 12129 | D:8      | Killed a two-headed ogre
 12130 | D:8      | Reached skill level 10 in Fighting
 12597 | D:8      | Killed a death yak
 12598 | D:8      | Reached XP level 11. HP: 36/101 MP: 14/14
 13155 | D:7      | Killed a death yak
 14005 | D:9      | Noticed Maurice
 14038 | D:9      | Killed Maurice
 14474 | D:9      | Noticed a two-headed ogre
 14481 | D:9      | Noticed a two-headed ogre
 14492 | D:9      | Noticed a two-headed ogre
 14496 | D:9      | Noticed a two-headed ogre
 14732 | D:9      | Noticed a tengu warrior
 14780 | D:9      | Killed a two-headed ogre
 14781 | D:9      | Reached skill level 13 in Long Blades
 14820 | D:9      | Killed a two-headed ogre
 15157 | D:9      | Killed a two-headed ogre
 15932 | D:9      | Killed a tengu warrior
 16120 | D:10     | Entered Level 10 of the Dungeon
 16138 | D:10     | Noticed pascalblue's ghost (novice TeAE)
 16153 | D:10     | Found a runed translucent door.
 16361 | D:10     | Noticed Sonja
 16369 | D:10     | Killed Sonja
 16393 | D:10     | Noticed Joseph
 16411 | D:10     | Killed Joseph
 16713 | D:10     | Noticed Erolcha
 16719 | D:10     | Killed Erolcha
 16756 | D:10     | Killed pascalblue's ghost
 16757 | D:10     | Reached XP level 12. HP: 103/112 MP: 13/15
 16925 | D:10     | Got the Collected Works on Stones
 17731 | D:11     | Identified the ring "Lavieley" {Fly rC+ Will+}
 17866 | D:11     | Found a transporter.
 17944 | D:10     | Reached skill level 14 in Long Blades
 18330 | D:11     | Found a transporter.
 18330 | D:11     | Found the dreamshard necklace {*Dream Drain}
 18781 | D:11     | Found a runed translucent door.
 18781 | D:11     | Noticed testman's ghost (journeyman DsVM)
 19114 | D:12     | Noticed Nergalle
 19731 | D:11     | Killed testman's ghost
 19881 | D:11     | Got the Tome of Battle Magic
 21671 | D:12     | Found a staircase to the Orcish Mines.
 22219 | D:12     | Killed Nergalle
 22518 | Orc:1    | Entered Level 1 of the Orcish Mines
 22518 | Orc:1    | Found Hokenelo's Weapon Shop.
 22872 | Orc:1    | Found Voric's Book Shop.
 23105 | Orc:1    | Found Qet Synu's Book Emporium.
 23127 | Orc:1    | Found Teil Upuph's Armour Emporium.
 23134 | Orc:1    | Noticed an orc warlord
 23195 | D:12     | Reached XP level 13. HP: 41/120 MP: 2/16
 24039 | Orc:2    | Entered Level 2 of the Orcish Mines
 24702 | Orc:1    | Reached skill level 1 in Dodging
 24702 | Orc:1    | Reached skill level 1 in Spellcasting
 24841 | Orc:2    | Found Jiw Wiro's General Store.
 24842 | Orc:2    | Found Cesuxy's Specific Store.
 24878 | Orc:2    | Identified 2 scrolls of acquirement
 24989 | Orc:2    | Found a staircase to the Elven Halls.
 25117 | Orc:2    | Found Dofato's Antique Armour Emporium.
 25142 | Orc:2    | Bought a faintly humming troll leather armour for 580 gold
                  | pieces
 25142 | Orc:2    | Identified the +0 troll leather armour of Impressiveness
                  | {-Cast Fly rF+ rC+++ Regen+} (You bought it in a shop on
                  | level 2 of the Orcish Mines)
 25242 | Orc:2    | Found Padweuh's Magic Scroll Shoppe.
 25396 | Orc:2    | Found Xodohu's Book Shoppe.
 25505 | Orc:2    | Found Atesuala's Jewellery Emporium.
 25805 | Orc:2    | Bought a scroll of enchant armour for 97 gold pieces
 26169 | D:12     | Killed an orc warlord
 26307 | D:13     | Reached skill level 10 in Shields
 26761 | D:13     | Reached skill level 5 in Armour
 26937 | D:13     | Got the Handbook of Flamy Snow
 27566 | D:13     | Reached XP level 14. HP: 132/132 MP: 24/24
 27655 | D:13     | Found a gate to the Vaults.
 27851 | D:13     | Reached skill level 5 in Dodging
 27857 | D:14     | Identified Roxanne's Papyrus of the Rocks
 27857 | D:14     | Noticed Roxanne
 28066 | D:14     | Noticed Josephine
 28197 | D:14     | Killed Josephine
 28237 | D:14     | Found Doiq's Armour Boutique.
 28483 | D:14     | Reached skill level 5 in Spellcasting
 29304 | D:15     | Entered Level 15 of the Dungeon
 29421 | D:15     | Noticed Jorgrun
 29440 | D:15     | Killed Jorgrun
 30363 | D:15     | Found a staircase to the Depths.
 30701 | Lair:1   | Entered Level 1 of the Lair of Beasts
 30797 | Lair:1   | Noticed Amaemon
 30821 | Lair:1   | Killed Amaemon
 31125 | Lair:1   | Noticed Grum
 31157 | Lair:1   | Killed Grum
 32014 | Lair:2   | Reached XP level 15. HP: 127/138 MP: 23/28
 32871 | Lair:3   | Noticed Snorg
 32880 | Lair:3   | Killed Snorg
 33811 | Lair:4   | Found a dark tunnel.
 33834 | Volcano  | Entered a volcano
 34225 | Lair:4   | Noticed Rupert
 34233 | Lair:4   | Killed Rupert
 34554 | Lair:4   | Found a hole to the Spider Nest.
 34796 | Lair:4   | Found a staircase to the Shoals.
 35128 | Lair:4   | Found a runed translucent door.
 35128 | Lair:4   | Noticed Piwky's ghost (journeyman TrMo)
 35329 | Lair:4   | Killed Piwky's ghost
 35547 | Lair:5   | Found a staircase to the Slime Pits.
 36631 | Lair:3   | Learned a level 2 spell: Wereblood
 36695 | Lair:6   | Entered Level 6 of the Lair of Beasts
 37041 | Lair:6   | Reached skill level 10 in Armour
 37439 | Lair:6   | Reached XP level 16. HP: 144/146 MP: 29/29
 37596 | Lair:6   | Identified the +7 trident "Sigudull" {vorpal, rF+ Int+3
                  | Dex+2}
 37652 | Lair:6   | Reached skill level 10 in Dodging
 38472 | Spider:1 | Entered Level 1 of the Spider Nest
 38771 | Spider:1 | Noticed Nikola
 38911 | Shoals:1 | Entered Level 1 of the Shoals
 39176 | Shoals:1 | Reached skill level 1 in Evocations
 40211 | Shoals:1 | Noticed Mlioglotl
 40778 | Shoals:2 | Reached skill level 15 in Long Blades
 41006 | Shoals:2 | Identified the +2 plate armour of the Many Mice {Dex+3}
 41021 | Shoals:2 | Noticed Ilsuiw
 41194 | Shoals:2 | Killed Ilsuiw
 41609 | Shoals:2 | Noticed a kraken
 41925 | Shoals:2 | HP: 2/146 [tentacle[a kraken] (13)]
 41926 | Shoals:2 | Killed a kraken
 42550 | Shoals:3 | Found a runed translucent door.
 42567 | Shoals:3 | Noticed Hushuuso's ghost (adept SpAE)
 42632 | Shoals:3 | Killed Hushuuso's ghost
 42899 | Shoals:3 | Noticed Aizul
 42930 | Shoals:3 | Killed Aizul
 42977 | Shoals:3 | Reached skill level 5 in Evocations
 42982 | Shoals:3 | Learned a level 3 spell: Stone Arrow
 43174 | Shoals:4 | Entered Level 4 of the Shoals
 43180 | Shoals:4 | Paralysed by an air elemental for 1 turns
 43643 | Shoals:4 | Paralysed by an air elemental for 1 turns
 43754 | Shoals:4 | Paralysed by an air elemental for 1 turns
 43763 | Shoals:3 | Paralysed by an air elemental for 1 turns
 44358 | Shoals:4 | Paralysed by an air elemental for 1 turns
 44360 | Shoals:4 | Paralysed by an air elemental for 1 turns
 44365 | Shoals:4 | Paralysed by an air elemental for 1 turns
 44406 | Shoals:4 | Reached XP level 17. HP: 138/152 MP: 23/30
 44725 | Shoals:4 | Paralysed by an air elemental for 1 turns
 44730 | Shoals:4 | Paralysed by an air elemental for 1 turns
 44898 | Shoals:4 | Reached skill level 15 in Shields
 44913 | Shoals:4 | Identified the ring "Bockiemi" {Str+6 Stlth+}
 44943 | Shoals:4 | Reached skill level 16 in Long Blades
 45110 | Shoals:4 | Paralysed by an air elemental for 1 turns
 45113 | Shoals:4 | Paralysed by an air elemental for 1 turns
 45118 | Shoals:4 | Paralysed by an air elemental for 1 turns
 45749 | Shoals:4 | Noticed a titan
 45841 | Shoals:4 | Killed a titan
 45940 | Shoals:4 | Paralysed by an air elemental for 1 turns
 45946 | Shoals:4 | Paralysed by an air elemental for 1 turns
 46069 | Shoals:4 | Got a barnacled rune of Zot
 47108 | Spider:1 | Killed Nikola
 48780 | Spider:2 | Identified the +2 scale mail "Batiul" {rF+++ Will++ Int-4
                  | Slay-6}
 48839 | Spider:2 | Noticed Arachne
 48864 | Spider:2 | Killed Arachne
 49484 | Spider:2 | Noticed Frances
 49503 | Spider:2 | Killed Frances
 49504 | Spider:2 | Reached skill level 17 in Long Blades
 51547 | Spider:2 | Reached skill level 10 in Evocations
 51807 | Spider:3 | Reached XP level 18. HP: 128/160 MP: 23/31
 51887 | Spider:3 | Gained mutation: Your spells are a little easier to cast,
                  | but a little less powerful. [mutagenic glow]
 52497 | Spider:4 | Entered Level 4 of the Spider Nest
 52715 | Spider:3 | Reached skill level 18 in Long Blades
 53232 | Spider:4 | Gained mutation: You are dopey. (Int -2) [mutagenic glow]
 53236 | Spider:4 | HP: 8/160 [radroach (35)]
 53238 | Spider:4 | Annihilated by a radroach

Illustrated notes

Levels and vault maps discovered:
D:1:      ebering_hopf_link, layout_loops_ring,
          shapermc_ecumenical_altar_notcrosses
D:2:      layout_basic, due_unseen_surprise
D:3:      layout_rooms, mainiacjoe_overflow_small_starburst,
          kennysheep_slug_shrine, gammafunk_ghost_mausoleum, uniq_terence
D:4:      layout_basic
D:5:      layout_loops_ring, nicolae_overflow_hidden_temple,
          lemuel_coloured_pillars_altar, xom_teletrap_fun,
          mainiacjoe_overflow_six_doors_small, uniq_menkaure
D:6:      layout_rooms, minmay_temple_entry_butterflies
D:7:      cheibrodos_statue_roulette, layout_rooms, kennysheep_mini_moat,
          lightli_minifort
D:8:      kennysheep_big_flooded_room, layout_gridville, grunt_qazlal_sundering,
          fountainhead, nicolae_wwwww, st_stairs_3
D:9:      kennysheep_windowed_halls, layout_stronghold, dpeg_lair_monsters,
          st_stairs_4, minivault_25_ag, uniq_prince_ribbit1, uniq_maggie,
          uniq_maurice
D:10:     layout_gridville, hellmonk_ghost_big_iron, uniq_joseph, uniq_erolcha,
          uniq_sonja
D:11:     gammafunk_worm_tunnel, layout_rooms, ebering_ghost_inner_flame,
          minivault_4, dk_vineyard_1
D:12:     layout_loops_corners, david_orc_1_choice, uniq_nergalle
D:13:     cheibrodos_hippocracy, layout_irregular_city,
          hangedman_vaults_entry_quadrant_bands
D:14:     layout_cave_pods, serial_shops, shop, dk_noncrumbling_2,
          minmay_misc_feat_square, nzn_wu_jian_contemplation, uniq_roxanne,
          uniq_josephine
D:15:     grunt_enter_depths_magical_seal, layout_rooms, corexii_hall_statues_x,
          uniq_jorgrun
Lair:1:   layout_small_grid, grunt_megastairs_4, serial_bayou_shore_a,
          uniq_amaemon, uniq_grum
Lair:2:   layout_hall_layers, grunt_forest_stairs_clearing, grunt_megastairs_3
Lair:3:   layout_cave_pods, basic_altar, uniq_snorg
Lair:4:   layout_gridlike, elwin_shoals_entry_rocks,
          nicolae_spider_entry_non_spiders, nicolae_volcano_entry_two_sided,
          gammafunk_ghost_grave, uniq_rupert
Lair:5:   layout_regular_city, slime_altar_1, cheibrodos_lair_reptile_den,
          grunt_megastairs_5
Lair:6:   gammafunk_lair_ancient_temple, layout_cave_pods,
          nicolae_quartered_pool_impasse
Shoals:1: layout_shoals, nicolae_shoals_secluded_bog, uniq_mlioglotl
Shoals:2: layout_shoals, uniq_ilsuiw
Shoals:3: layout_shoals, gammafunk_ghost_grave, nicolae_shoals_lost_giant_hut,
          uniq_aizul
Shoals:4: shoals_end_hellmonk_storm_palace [storm_palace_center_ruins,
          storm_palace_corner_grid, storm_palace_corner_altar,
          storm_palace_corner_altar, storm_palace_corner_grid]
Spider:1: layout_spider_delve, uniq_nikola
Spider:2: layout_cave_pods, uniq_arachne, uniq_frances
Spider:3: layout_spider_delve
Spider:4: hellmonk_spider_rune_bug_friends
Orc:1:    cheibrodos_orc_guarddog, layout_caves, serial_shops, shop,
          nicolae_shop_hallway_plus, nicolae_shop_crystal, shop_fountains,
          minmay_orc_temple_b
Orc:2:    kennysheep_orc_mage_school, layout_caves, nicolae_specific_store,
          lightli_orcish_oven

Skill      XL: |  1  2  3  4  5  6  7  8  9 10 11 12 13 14 15 16 17 18 |
---------------+-------------------------------------------------------+-----
Long Blades    | 2 3 4 5 7 8 9 10 12 13 14 15 17 18 | 18.0
Shields        | 4 5 8 10 12 13 14 15 | 15.0
Fighting       | 4 6 8 10 12 13 14 | 14.1
Armour         | 5 8 10 | 10.8
Dodging        | 4 7 9 10 | 10.4
Spellcasting   | 4 6 |  6.0
Evocations     | 5 10 | 10.0

Action                   |  1- 3 |  4- 6 |  7- 9 | 10-12 | 13-15 | 16-18 || total
-------------------------+-------+-------+-------+-------+-------+-------++-------
Melee: Long sword        |   127 |    96 |     8 |       |       |       ||   231
       Dagger            |       |    17 |     5 |    72 |    15 |    51 ||   160
       Falchion          |       |       |   221 |   808 |  2073 |  1926 ||  5028
       Scimitar          |       |       |       |       |   250 |   527 ||   777
       Hand axe          |       |       |       |       |    12 |       ||    12
       Triple sword      |       |       |       |       |    32 |       ||    32
 Fire: Hunting sling     |       |       |       |     2 |       |       ||     2
Throw: Stone             |       |     3 |     4 |     5 |       |       ||    12
       Dart              |       |       |     1 |    47 |     1 |    73 ||   122
       Javelin           |       |       |       |     2 |     1 |       ||     3
       Boomerang         |       |       |       |       |       |    27 ||    27
       Throwing net      |       |       |       |       |       |     2 ||     2
 Cast: Wereblood         |       |       |       |       |       |    18 ||    18
       Stone Arrow       |       |       |       |       |       |     5 ||     5
Evoke: Wand              |       |       |       |    14 |    10 |    15 ||    39
       Phantom mirror    |       |       |       |       |     1 |     4 ||     5
       Condenser vane    |       |       |       |       |       |     2 ||     2
       Lightning rod     |       |       |       |       |       |     1 ||     1
  Use: Potion            |       |     1 |       |     1 |     1 |     5 ||     8
       Scroll            |       |       |     1 |     9 |    14 |     8 ||    32
 Stab: Sleeping          |       |       |     3 |     1 |     8 |     6 ||    18
       Distracted        |       |       |       |     2 |     6 |     4 ||    12
       Invisible         |       |       |       |       |     4 |     5 ||     9
       Petrified         |       |       |       |       |     2 |       ||     2
Armor: Scale mail        |    50 |    67 |    33 |   255 |    30 |       ||   435
       Chain mail        |       |       |    49 |       |       |       ||    49
       Troll leather arm |       |       |       |       |   434 |   541 ||   975
Dodge: Dodged            |    49 |    48 |    58 |   197 |  1020 |  1251 ||  2623
       Repelled          |       |       |       |       |       |     2 ||     2
Block: Buckler           |    25 |    18 |    55 |    89 |       |       ||   187
       Kite shield       |       |       |       |   291 |  1620 |  2053 ||  3964

Table legend: (Time is in decaauts)
 A = Elapsed time spent in this place.
 B = Non-inter-level travel time spent in this place.
 C = Inter-level travel time spent in this place.
 D = Time resting spent in this place.
 E = Time spent auto-exploring this place.
 F = Levels seen in this place.
 G = Mean time per level.
                   A        B        C        D        E       F      G
               +--------+--------+--------+--------+--------+-----+--------+
         Total |  51874 |  48817 |   3057 |  11070 |  22683 |  32 | 1621.1 |
       Dungeon |  27748 |  26198 |   1550 |   7362 |  12435 |  15 | 1849.9 |
          Lair |   7308 |   6460 |    848 |    227 |   4091 |   6 | 1218.0 |
        Shoals |   7144 |   6931 |    213 |   1552 |   2334 |   4 | 1786.0 |
   Spider Nest |   6377 |   6036 |    341 |   1309 |   2448 |   4 | 1594.2 |
  Orcish Mines |   2938 |   2834 |    104 |    618 |   1230 |   2 | 1469.0 |
       Volcano |    356 |    356 |      0 |      0 |    145 |   1 |  356.0 |
               +--------+--------+--------+--------+--------+-----+--------+

Top non-repeatable levels by time:
     D:8: 3740 daAuts
    D:12: 3195 daAuts
     D:9: 3193 daAuts
    D:11: 2201 daAuts
Shoals:4: 2184 daAuts
Spider:1: 2092 daAuts
Spider:3: 2022 daAuts
     D:5: 2008 daAuts
Spider:2: 1926 daAuts
Shoals:1: 1820 daAuts
     D:7: 1714 daAuts
    D:10: 1684 daAuts
    D:13: 1658 daAuts
   Orc:2: 1590 daAuts
Shoals:3: 1590 daAuts
